AoeStats
← Sparten gio

Black Forest

503527565Analyzed
3v3 RM · 1mo ago on Sep 1, 2026· 49m 22s· 6 players
Game mode
Random Map
Map size
Normal (6 player)
Population
200
Speed
Normal
Resources
Standard
Victory
Conquest
Starting age
Dark Age
Ending age
Imperial Age
RankedLock teamsTeams togetherTeam positionsShared explorationLock speedFull tech treeHidden civsTurbo modeCheats
Victory
Defeat
🇺🇸 Dravidians · United States
833
+16
🇦🇷 Turks · Argentina
810
+17
🇺🇸 Persians · United States
775
+18
🇨🇴 Celts · Colombia
851
-18
🇨🇴 Vikings · Colombia
824
-17
🇨🇴 Persians · Colombia
812
-18
Chevalierpersan
0:43 Loom
10:59 Feudal Age
12:16 Wheelbarrow
11:26 Town Watch
11:37 Double-Bit Axe
14:04 Stone Mining
14:27 Gold Mining
17:12 Horse Collar
21:55 Bloodlines
24:29 Castle Age
25:12 Hand Cart
24:58 Town Patrol
25:12 Bow Saw
25:05 Heavy Plow
25:43 Stone Shaft Mining
25:45 Gold Shaft Mining
26:10 Fervor
29:30 Forging
29:25 Scale Barding Armor
29:22 Scale Mail Armor
29:25 Husbandry
29:57 Fletching
31:54 Iron Casting
31:40 Chain Barding Armor
31:24 Squires
31:10 Arson
36:06 Imperial Age
34:25 Iron Casting
35:36 Chain Barding Armor
35:32 Chain Mail Armor
36:18 Fletching
37:00 Citadels
37:16 Cavalier
38:33 Plate Barding Armor
38:59 Blast Furnace
38:40 Conscription
40:04 Plate Mail Armor
39:25 Fletching
40:14 Hoardings
40:05 Arson
40:20 Squires
40:06 Gambesons
40:39 Pikeman
41:33 Masonry
41:18 Murder Holes
41:44 Ballistics
42:25 Chemistry
43:19 Bodkin Arrow
44:50 Crop Rotation
45:47 Onager
47:47 Savar
Sparten gio
1:03 Loom
12:39 Feudal Age
13:19 Double-Bit Axe
13:16 Horse Collar
21:02 Castle Age
23:16 Wheelbarrow
26:42 Heavy Plow
27:33 Bow Saw
31:29 Fortified Wall
33:02 Fletching
35:56 Imperial Age
34:20 Bodkin Arrow
35:44 Forging
37:52 Medical Corps
39:06 Conscription
39:30 Iron Casting
39:01 Scale Barding Armor
40:23 Wootz Steel
41:33 Blast Furnace
40:30 Gold Mining
41:44 Two-Man Saw
42:42 Chain Barding Armor
44:22 Hoardings
43:55 Bracer
44:49 Ballistics
45:30 Chemistry
44:39 Husbandry
46:40 Stone Mining
46:48 Elite Urumi Swordsman
林归于凤
1:15 Loom
12:20 Feudal Age
13:36 Wheelbarrow
12:49 Double-Bit Axe
12:45 Horse Collar
17:10 Stone Mining
20:43 Castle Age
21:39 Hand Cart
21:37 Bow Saw
21:28 Heavy Plow
22:27 Padded Archer Armor
23:37 Gold Mining
27:04 Leather Archer Armor
28:06 Gold Shaft Mining
27:38 Fletching
32:47 Imperial Age
30:50 Treadmill Crane
31:22 Fortified Wall
31:32 Ballistics
33:30 Artillery
33:53 Conscription
33:34 Artillery
34:18 Bombard Tower
34:04 Caravan
34:22 Town Watch
35:50 Hoardings
35:47 Capped Ram
37:56 Elite Janissary
42:49 Ring Archer Armor
45:37 Heavy Scorpion
zamithdaniel
11:34 Feudal Age
12:38 Horse Collar
12:46 Double-Bit Axe
21:42 Castle Age
19:59 Stone Mining
20:04 Gold Mining
21:42 Scale Mail Armor
24:08 Bow Saw
25:22 Chain Mail Armor
25:17 Forging
25:25 Chain Mail Armor
27:44 Iron Casting
27:39 Arson
31:32 Fletching
31:44 Padded Archer Armor
33:45 Bodkin Arrow
40:11 Imperial Age
38:30 Elite Skirmisher
39:30 Leather Archer Armor
39:21 Scale Barding Armor
41:22 Wheelbarrow
40:33 Town Watch
40:12 Light Cavalry
40:58 Husbandry
41:29 Chain Barding Armor
41:40 Ring Archer Armor
41:51 Fortified Wall
42:43 Chemistry
42:20 Hussar
43:38 Hand Cart
45:53 Blast Furnace
44:43 Cavalier
Dovahkyn
9:12 Loom
12:37 Feudal Age
13:17 Horse Collar
19:44 Castle Age
19:07 Double-Bit Axe
19:45 Stone Mining
21:49 Bow Saw
22:49 Forging
22:42 Scale Mail Armor
28:59 Imperial Age
26:32 Heavy Plow
31:22 Two-Man Saw
31:47 Fortified Wall
31:18 Treadmill Crane
31:36 Town Watch
32:17 Gold Mining
33:17 Squires
33:03 Gambesons
32:38 Man-at-Arms
32:42 Elite Berserk
33:46 Conscription
33:36 Elite Berserk
35:23 Gold Shaft Mining
34:38 Long Swordsman
35:53 Masonry
35:25 Two-Handed Swordsman
38:12 Chemistry
38:21 Iron Casting
38:02 Chain Mail Armor
38:40 Arson
38:18 Champion
40:49 Blast Furnace
44:15 Plate Mail Armor
44:02 Pikeman
47:59 Caravan
Griffith
15:04 Feudal Age
24:41 Castle Age
27:50 Double-Bit Axe
32:27 Wheelbarrow
32:18 Crossbowman
33:27 Padded Archer Armor
35:31 Horse Collar
39:41 Imperial Age
38:14 Leather Archer Armor
37:50 Fletching
40:21 Thumb Ring
41:45 Hand Cart
43:31 Chemistry
43:27 Kamandaran
43:46 Heavy Plow
45:02 Ring Archer Armor
45:54 Bodkin Arrow
46:05 Pikeman
Connection lost

Rejoining the realm…

Still unreachable

The connection could not be restored.

Session expired

The server has moved on; the page needs a fresh start.